[ AOE2 MATCH · #474717606 ]
1v1 RMVikings vs Burmese
Player's team · WIN
Rival team · LOSS
[ REPLAY ANALYSIS · EXTRACTED FROM THE RECORDED GAME ]
Feudal
12:42
Castle
21:39
Imperial
36:55
| APM avg | 20.7 |
| APM peak | 50 |
| eAPM avg | 16.7 |
| Villagers / military | 109 / 56 |
Focus
⚔️ 21.2% · 🌾 78.8%
Berserk ×31 · Spearman ×19 · Trebuchet (Packed) ×4 · Monk ×2
Feudal
14:32
Castle
22:58
Imperial
40:22
| APM avg | 23.8 |
| APM peak | 64 |
| eAPM avg | 9.3 |
| Villagers / military | 102 / 79 |
Focus
⚔️ 33.0% · 🌾 67.0%
Skirmisher ×41 · Knight ×16 · Cavalry Archer ×8 · Scout Cavalry ×7 · Battering Ram ×4 · Monk ×3
Match map
Resources at game start + every placement click. Thick line = wall · dashed box = detected house wall. 🟡 gold · ⚪ stone · 🟢 berries · 🔶 boar · ⭕ relic
Inputs per minute
— Michael Jordan - - Ribamar - OFF
Build order — Michael Jordan
First 150 of 288 actions detected
| 0:01 | Create | Villager (Male) |
| 0:01 | Create | Villager (Male) |
| 0:02 | Create | Villager (Male) |
| 0:02 | Create | Villager (Male) |
| 0:04 | Build | House |
| 0:06 | Build | House |
| 1:27 | Create | Villager (Male) |
| 1:27 | Create | Villager (Male) |
| 1:27 | Create | Villager (Male) |
| 2:13 | Build | Lumber Camp |
| 2:15 | Create | Villager (Male) |
| 2:15 | Create | Villager (Male) |
| 2:19 | Create | Villager (Male) |
| 2:19 | Create | Villager (Male) |
| 2:52 | Create | Villager (Male) |
| 2:52 | Create | Villager (Male) |
| 3:17 | Create | Villager (Male) |
| 3:17 | Create | Villager (Male) |
| 3:45 | Create | Villager (Male) |
| 3:45 | Create | Villager (Male) |
| 3:45 | Create | Villager (Male) |
| 4:00 | Build | House |
| 4:01 | Build | House |
| 4:12 | Create | Villager (Male) |
| 4:12 | Create | Villager (Male) |
| 4:12 | Create | Villager (Male) |
| 4:24 | Build | Mill |
| 4:29 | Build | House |
| 4:58 | Create | Villager (Male) |
| 4:58 | Create | Villager (Male) |
| 4:58 | Create | Villager (Male) |
| 4:58 | Create | Villager (Male) |
| 5:30 | Create | Villager (Male) |
| 5:30 | Create | Villager (Male) |
| 5:30 | Create | Villager (Male) |
| 5:31 | Create | Villager (Male) |
| 5:39 | Create | Villager (Male) |
| 5:39 | Create | Villager (Male) |
| 5:39 | Create | Villager (Male) |
| 6:25 | Create | Villager (Male) |
| 6:25 | Create | Villager (Male) |
| 7:17 | Create | Villager (Male) |
| 7:17 | Create | Villager (Male) |
| 7:22 | Create | Villager (Male) |
| 7:23 | Research | Loom |
| 7:32 | Build | Lumber Camp |
| 9:09 | Create | Villager (Male) |
| 9:17 | Build | Mining Camp |
| 9:17 | Create | Villager (Male) |
| 9:27 | Create | Villager (Male) |
| 9:30 | Research | Loom |
| 9:38 | Build | Mining Camp |
| 9:44 | Build | Farm |
| 9:48 | Build | Farm |
| 9:50 | Build | Farm |
| 9:55 | Build | Farm |
| 9:59 | Research | Feudal Age |
| 11:07 | Build | Barracks |
| 11:12 | Build | House |
| 11:14 | Build | House |
| 11:22 | Create | Villager (Male) |
| 11:22 | Create | Villager (Male) |
| 11:23 | Create | Villager (Male) |
| 12:42 | Age | Feudal Age |
| 12:48 | Build | Blacksmith |
| 12:54 | Build | Market |
| 13:22 | Research | Double-Bit Axe |
| 13:25 | Research | Horse Collar |
| 13:27 | Research | Gold Mining |
| 13:29 | Research | Stone Mining |
| 13:38 | Create | Villager (Male) |
| 14:22 | Create | Villager (Male) |
| 14:44 | Build | Farm |
| 15:05 | Create | Villager (Male) |
| 15:05 | Create | Villager (Male) |
| 15:15 | Create | Villager (Male) |
| 15:15 | Create | Villager (Male) |
| 15:16 | Create | Villager (Male) |
| 15:35 | Build | Farm |
| 15:37 | Build | Farm |
| 15:48 | Build | Farm |
| 15:54 | Build | Farm |
| 15:59 | Build | Farm |
| 16:08 | Build | Farm |
| 16:22 | Build | Farm |
| 16:43 | Create | Villager (Male) |
| 16:56 | Create | Villager (Male) |
| 17:08 | Build | Mining Camp |
| 17:16 | Create | Villager (Male) |
| 17:21 | Create | Villager (Male) |
| 17:44 | Build | Lumber Camp |
| 18:12 | Build | House |
| 18:13 | Build | House |
| 18:19 | Research | Castle Age |
| 18:27 | Create | Villager (Male) |
| 18:30 | Build | Farm |
| 18:35 | Research | Castle Age |
| 18:52 | Build | Lumber Camp |
| 19:22 | Build | Farm |
| 19:26 | Build | Farm |
| 19:27 | Build | Farm |
| 19:32 | Build | Farm |
| 19:36 | Build | Farm |
| 19:44 | Build | Watch Tower |
| 19:49 | Create | Villager (Male) |
| 19:49 | Create | Villager (Male) |
| 19:50 | Create | Villager (Male) |
| 20:24 | Build | House |
| 20:25 | Build | House |
| 21:39 | Age | Castle Age |
| 21:52 | Research | Heavy Plow |
| 21:53 | Research | Heavy Plow |
| 21:56 | Research | Gold Shaft Mining |
| 21:58 | Research | Bow Saw |
| 22:17 | Build | Castle |
| 22:28 | Create | Spearman |
| 23:01 | Create | Villager (Male) |
| 23:02 | Create | Villager (Male) |
| 23:18 | Research | Town Watch |
| 23:23 | Research | Forging |
| 23:25 | Research | Scale Mail Armor |
| 23:29 | Research | Squires |
| 23:29 | Research | Squires |
| 23:29 | Research | Arson |
| 23:38 | Create | Villager (Male) |
| 23:38 | Create | Villager (Male) |
| 23:39 | Create | Villager (Male) |
| 23:39 | Create | Villager (Male) |
| 24:30 | Build | University |
| 24:42 | Create | Villager (Male) |
| 24:50 | Research | Chieftains |
| 24:59 | Research | Iron Casting |
| 24:59 | Research | Chain Mail Armor |
| 25:39 | Create | Berserk |
| 25:39 | Create | Berserk |
| 25:39 | Create | Berserk |
| 25:39 | Create | Berserk |
| 25:39 | Create | Berserk |
| 25:40 | Create | Berserk |
| 25:44 | Research | Ballistics |
| 26:00 | Create | Villager (Male) |
| 26:01 | Create | Villager (Male) |
| 26:01 | Create | Villager (Male) |
| 26:07 | Build | Lumber Camp |
| 26:19 | Build | Lumber Camp |
| 26:36 | Build | Lumber Camp |
| 26:58 | Create | Villager (Male) |
| 26:59 | Create | Villager (Male) |
| 27:17 | Research | Pikeman (upgrade) |
| 27:22 | Build | Barracks |
Build order — Ribamar - OFF
First 150 of 277 actions detected
| 0:03 | Create | Villager (Male) |
| 0:03 | Create | Villager (Male) |
| 0:03 | Create | Villager (Male) |
| 0:06 | Build | House |
| 0:08 | Build | House |
| 0:40 | Create | Villager (Male) |
| 2:10 | Create | Villager (Male) |
| 2:10 | Create | Villager (Male) |
| 2:25 | Create | Villager (Male) |
| 2:43 | Create | Villager (Male) |
| 3:05 | Create | Villager (Male) |
| 3:17 | Create | Villager (Male) |
| 3:17 | Create | Villager (Male) |
| 3:40 | Build | House |
| 3:43 | Create | Villager (Male) |
| 3:44 | Create | Villager (Male) |
| 4:33 | Create | Villager (Male) |
| 4:33 | Create | Villager (Male) |
| 4:55 | Research | Loom |
| 5:55 | Create | Villager (Male) |
| 5:55 | Create | Villager (Male) |
| 5:55 | Create | Villager (Male) |
| 5:56 | Create | Villager (Male) |
| 6:00 | Create | Villager (Male) |
| 7:41 | Create | Villager (Male) |
| 7:42 | Create | Villager (Male) |
| 7:42 | Create | Villager (Male) |
| 7:42 | Create | Villager (Male) |
| 7:42 | Create | Villager (Male) |
| 7:43 | Create | Villager (Male) |
| 7:44 | Create | Villager (Male) |
| 7:44 | Create | Villager (Male) |
| 7:44 | Create | Villager (Male) |
| 7:49 | Build | House |
| 7:56 | Build | House |
| 8:29 | Build | Mill |
| 9:12 | Create | Villager (Male) |
| 9:12 | Create | Villager (Male) |
| 10:44 | Create | Villager (Male) |
| 10:44 | Create | Villager (Male) |
| 10:45 | Create | Villager (Male) |
| 10:57 | Build | House |
| 10:59 | Build | House |
| 11:14 | Build | Lumber Camp |
| 11:48 | Research | Feudal Age |
| 13:03 | Create | Villager (Male) |
| 13:04 | Create | Villager (Male) |
| 13:45 | Build | House |
| 13:47 | Build | House |
| 14:13 | Build | Farm |
| 14:16 | Build | Farm |
| 14:19 | Build | Farm |
| 14:22 | Build | Farm |
| 14:25 | Build | Farm |
| 14:29 | Build | Farm |
| 14:32 | Age | Feudal Age |
| 14:33 | Build | Farm |
| 14:51 | Build | Lumber Camp |
| 15:01 | Research | Horse Collar |
| 15:08 | Build | Farm |
| 15:11 | Build | Farm |
| 15:15 | Build | Farm |
| 15:39 | Build | Mining Camp |
| 16:04 | Create | Villager (Male) |
| 16:05 | Create | Villager (Male) |
| 16:05 | Create | Villager (Male) |
| 16:05 | Create | Villager (Male) |
| 16:07 | Create | Villager (Male) |
| 16:07 | Create | Villager (Male) |
| 16:08 | Create | Villager (Male) |
| 16:52 | Build | Blacksmith |
| 17:21 | Research | Wheelbarrow |
| 17:52 | Build | House |
| 18:03 | Create | Villager (Male) |
| 18:22 | Build | Barracks |
| 18:26 | Build | House |
| 18:31 | Build | House |
| 18:55 | Research | Stone Mining |
| 19:17 | Create | Villager (Male) |
| 19:17 | Create | Villager (Male) |
| 19:31 | Build | Stable |
| 19:40 | Build | Farm |
| 19:53 | Build | Farm |
| 20:18 | Research | Castle Age |
| 20:45 | Create | Scout Cavalry |
| 20:49 | Create | Scout Cavalry |
| 21:40 | Research | Forging |
| 22:31 | Create | Scout Cavalry |
| 22:31 | Create | Scout Cavalry |
| 22:31 | Create | Scout Cavalry |
| 22:35 | Research | Scale Barding Armor |
| 22:52 | Create | Scout Cavalry |
| 22:52 | Create | Scout Cavalry |
| 22:58 | Age | Castle Age |
| 23:11 | Build | Stable |
| 24:53 | Build | Castle |
| 25:17 | Create | Knight |
| 25:17 | Create | Knight |
| 25:17 | Create | Knight |
| 25:18 | Create | Knight |
| 25:39 | Build | House |
| 25:40 | Create | Villager (Male) |
| 25:40 | Create | Villager (Male) |
| 25:41 | Create | Villager (Male) |
| 25:41 | Create | Villager (Male) |
| 25:41 | Create | Villager (Male) |
| 25:41 | Create | Villager (Male) |
| 25:42 | Create | Villager (Male) |
| 25:42 | Create | Villager (Male) |
| 26:18 | Build | Town Center |
| 26:41 | Build | Palisade Wall |
| 26:51 | Build | Building 796 |
| 26:58 | Build | House |
| 27:43 | Build | Monastery |
| 27:57 | Build | Stable |
| 28:05 | Create | Knight |
| 28:05 | Create | Knight |
| 28:06 | Create | Knight |
| 28:06 | Create | Knight |
| 28:12 | Research | Iron Casting |
| 28:38 | Build | Farm |
| 28:42 | Build | Farm |
| 28:46 | Build | Farm |
| 28:53 | Build | Farm |
| 28:58 | Build | Farm |
| 29:13 | Build | Lumber Camp |
| 29:20 | Create | Monk |
| 29:21 | Create | Monk |
| 29:25 | Create | Monk |
| 30:18 | Build | Siege Workshop |
| 30:35 | Create | Villager (Male) |
| 30:36 | Create | Villager (Male) |
| 30:36 | Create | Villager (Male) |
| 30:36 | Create | Villager (Male) |
| 30:38 | Create | Villager (Male) |
| 30:38 | Create | Villager (Male) |
| 30:38 | Create | Villager (Male) |
| 30:38 | Create | Villager (Male) |
| 30:39 | Create | Villager (Male) |
| 30:39 | Create | Villager (Male) |
| 30:41 | Create | Villager (Male) |
| 30:42 | Create | Villager (Male) |
| 30:46 | Create | Villager (Male) |
| 30:46 | Create | Villager (Male) |
| 30:56 | Build | Farm |
| 31:00 | Build | Farm |
| 31:07 | Build | Farm |
| 31:18 | Build | Farm |
| 31:22 | Build | Farm |
| 31:41 | Create | Battering Ram |
Match timeline
| 11:07 | Michael Jordan · first_building Barracks |
| 12:42 | Michael Jordan · age_up feudal |
| 14:32 | Ribamar - OFF · age_up feudal |
| 15:12 | Michael Jordan · first_market_buy 100 food |
| 18:22 | Ribamar - OFF · first_building Barracks |
| 19:31 | Ribamar - OFF · first_building Stable |
| 21:39 | Michael Jordan · age_up castle |
| 22:17 | Michael Jordan · first_building Castle |
| 22:58 | Ribamar - OFF · age_up castle |
| 24:53 | Ribamar - OFF · first_building Castle |
| 26:41 | Ribamar - OFF · wall_segment Palisade Wall x6 |
| 27:37 | Michael Jordan · first_building Siege Workshop |
| 27:43 | Ribamar - OFF · first_building Monastery |
| 27:44 | Michael Jordan · first_building Monastery |
| 30:18 | Ribamar - OFF · first_building Siege Workshop |
| 30:38 | Michael Jordan · first_building Archery Range |
| 33:13 | Ribamar - OFF · first_building Archery Range |
| 36:55 | Michael Jordan · age_up imperial |
| 40:22 | Ribamar - OFF · age_up imperial |
| 44:13 | Ribamar - OFF · resign |
[ AI ANALYSIS · 1 CREDIT ]
What really happened in this match?
Wolo.gg analyzes every decision: build order, eco, micro, common mistakes by bracket. Personalized analysis on WhatsApp or Discord in 30 seconds.
Civ guide
Vikings
Map guide
Hideout
Perfil
Jugador #22651